[ PARTIDA AOE2 · #483772145 ]
UnrankedMalayos vs Cumans
[ ANÁLISIS DE REPETICIÓN · EXTRAÍDO DE LA PARTIDA GRABADA ]
Feudal
—
Castillos
—
Imperial
—
| APM promedio | 16.8 |
| APM pico | 35 |
| eAPM promedio | 10.5 |
| Aldeanos / militares | 95 / 222 |
Foco
⚔️ 29.3% · 🌾 70.7%
Battle Elephant ×198 · Scout Cavalry ×16 · Battering Ram ×8
Feudal
—
Castillos
—
Imperial
—
| APM promedio | 30.1 |
| APM pico | 89 |
| eAPM promedio | 17.5 |
| Aldeanos / militares | 223 / 215 |
Foco
⚔️ 25.9% · 🌾 74.1%
Steppe Lancer ×204 · Battering Ram ×7 · Mangonel ×2 · Monk ×1 · Scout Cavalry ×1
Feudal
—
Castillos
—
Imperial
—
| APM promedio | 33.6 |
| APM pico | 82 |
| eAPM promedio | 16.4 |
| Aldeanos / militares | 128 / 147 |
Foco
⚔️ 30.2% · 🌾 69.8%
Spearman ×74 · Eagle Scout ×43 · Archer ×24 · Trebuchet (Packed) ×3 · Plumed Archer ×2 · Monk ×1
Feudal
—
Castillos
—
Imperial
—
| APM promedio | 19.2 |
| APM pico | 45 |
| eAPM promedio | 13.6 |
| Aldeanos / militares | 119 / 103 |
Foco
⚔️ 29.8% · 🌾 70.2%
Archer ×66 · Skirmisher ×28 · Spearman ×7 · Trebuchet (Packed) ×2
Feudal
—
Castillos
—
Imperial
—
| APM promedio | 5.1 |
| APM pico | 59 |
| eAPM promedio | 1.6 |
| Aldeanos / militares | 18 / 0 |
Foco
⚔️ 7.5% · 🌾 92.5%
Feudal
—
Castillos
—
Imperial
—
| APM promedio | 39.2 |
| APM pico | 85 |
| eAPM promedio | 24.8 |
| Aldeanos / militares | 139 / 124 |
Foco
⚔️ 28.3% · 🌾 71.7%
Teutonic Knight ×56 · Knight ×38 · Militia ×15 · Trebuchet (Packed) ×9 · Spearman ×4 · Skirmisher ×2
Feudal
—
Castillos
—
Imperial
—
| APM promedio | 10.8 |
| APM pico | 26 |
| eAPM promedio | 9.5 |
| Aldeanos / militares | 126 / 35 |
Foco
⚔️ 23.1% · 🌾 76.9%
Ballista Elephant ×23 · Trebuchet (Packed) ×6 · Scorpion ×4 · Battering Ram ×2
Feudal
—
Castillos
—
Imperial
—
| APM promedio | 31.8 |
| APM pico | 77 |
| eAPM promedio | 18.8 |
| Aldeanos / militares | 106 / 121 |
Foco
⚔️ 28.0% · 🌾 72.0%
Chu Ko Nu ×55 · Spearman ×53 · Trade Cart ×12 · Iron Pagoda ×12 · Trebuchet (Packed) ×1
Mapa de la partida
Recursos iniciales + cada clic de construcción. Líneas = muros · curvas = relieve. ◆ oro · ⬟ piedra · ● bayas · ✦ reliquia · ◌ hueco del cierre
Tu base· Abierta — el rival se encerró
Base de fatmuddybear· Abierta — flanco sin cerrar
Base de KOLSONxCANADIAN· ✓ Cerrada en 19:29 · 49t muro · 1 puerta(s)
Base de JoacoPro· ✓ Cerrada en 23:24 · 0t muro · sin puerta
Base de TheFox· Abierta — flanco sin cerrar
Base de Teutons_CF· ✓ Cerrada en 21:05 · 41t muro · 1 puerta(s)
Base de The Slayer· ✓ Cerrada en 21:30 · 37t muro · 1 puerta(s)
Base de joaopessoense· Abierta — flanco sin cerrar
Terreno inicial suavizado · ◌ = hueco del cierre detectado · pasá el cursor para detalles
Inputs por minuto
— I Never Resign - - fatmuddybear
Build order — I Never Resign
Primeras 150 de 275 acciones detectadas
| 0:02 | Crear | Villager (Male) |
| 0:02 | Crear | Villager (Male) |
| 0:02 | Crear | Villager (Male) |
| 0:03 | Construir | House |
| 0:05 | Construir | House |
| 0:17 | Crear | Villager (Male) |
| 0:17 | Crear | Villager (Male) |
| 1:37 | Crear | Villager (Male) |
| 1:37 | Crear | Villager (Male) |
| 2:02 | Crear | Villager (Male) |
| 2:03 | Crear | Villager (Male) |
| 2:21 | Crear | Villager (Male) |
| 2:22 | Crear | Villager (Male) |
| 2:48 | Crear | Villager (Male) |
| 2:48 | Crear | Villager (Male) |
| 2:56 | Construir | Lumber Camp |
| 2:58 | Crear | Villager (Male) |
| 2:59 | Crear | Villager (Male) |
| 3:30 | Crear | Villager (Male) |
| 3:31 | Crear | Villager (Male) |
| 3:31 | Crear | Villager (Male) |
| 3:33 | Construir | House |
| 3:48 | Investigar | Loom |
| 3:48 | Crear | Villager (Male) |
| 3:49 | Crear | Villager (Male) |
| 4:29 | Crear | Villager (Male) |
| 4:29 | Crear | Villager (Male) |
| 5:09 | Crear | Villager (Male) |
| 5:10 | Crear | Villager (Male) |
| 5:10 | Crear | Villager (Male) |
| 5:40 | Construir | House |
| 5:44 | Crear | Villager (Male) |
| 5:45 | Crear | Villager (Male) |
| 5:45 | Crear | Villager (Male) |
| 6:10 | Construir | Mill |
| 6:13 | Crear | Villager (Male) |
| 6:14 | Crear | Villager (Male) |
| 6:56 | Crear | Villager (Male) |
| 6:56 | Crear | Villager (Male) |
| 7:43 | Crear | Villager (Male) |
| 7:43 | Crear | Villager (Male) |
| 8:29 | Construir | House |
| 8:30 | Construir | House |
| 8:36 | Construir | House |
| 8:38 | Construir | House |
| 8:48 | Crear | Villager (Male) |
| 8:48 | Crear | Villager (Male) |
| 8:49 | Crear | Villager (Male) |
| 8:49 | Crear | Villager (Male) |
| 9:41 | Construir | Mining Camp |
| 10:14 | Construir | Barracks |
| 10:20 | Crear | Villager (Male) |
| 10:34 | Investigar | Feudal Age |
| 11:11 | Construir | Lumber Camp |
| 11:29 | Crear | Villager (Male) |
| 11:30 | Crear | Villager (Male) |
| 11:30 | Crear | Villager (Male) |
| 12:12 | Investigar | Double-Bit Axe |
| 12:12 | Investigar | Double-Bit Axe |
| 12:34 | Investigar | Horse Collar |
| 12:40 | Crear | Villager (Male) |
| 12:41 | Crear | Villager (Male) |
| 12:55 | Crear | Villager (Male) |
| 12:55 | Crear | Villager (Male) |
| 13:25 | Construir | Blacksmith |
| 13:29 | Construir | Farm |
| 13:30 | Construir | Farm |
| 13:30 | Construir | Farm |
| 13:30 | Construir | Farm |
| 13:31 | Construir | Farm |
| 13:31 | Construir | Farm |
| 13:31 | Construir | Farm |
| 13:31 | Construir | Farm |
| 14:15 | Construir | Market |
| 14:18 | Crear | Villager (Male) |
| 14:18 | Crear | Villager (Male) |
| 14:19 | Crear | Villager (Male) |
| 14:28 | Construir | Farm |
| 14:28 | Construir | Farm |
| 14:29 | Construir | Farm |
| 14:29 | Construir | Farm |
| 14:29 | Construir | Farm |
| 14:29 | Construir | Farm |
| 14:30 | Construir | Farm |
| 14:30 | Construir | Farm |
| 14:31 | Construir | Farm |
| 14:32 | Construir | Farm |
| 15:10 | Construir | Stable |
| 15:58 | Crear | Villager (Male) |
| 15:58 | Crear | Villager (Male) |
| 15:59 | Crear | Villager (Male) |
| 16:05 | Construir | Farm |
| 16:08 | Construir | Farm |
| 16:09 | Construir | Farm |
| 16:37 | Construir | Stable |
| 16:44 | Construir | Farm |
| 16:49 | Crear | Villager (Male) |
| 17:10 | Construir | House |
| 17:12 | Construir | House |
| 17:14 | Construir | House |
| 17:18 | Construir | House |
| 18:03 | Investigar | Castle Age |
| 18:26 | Construir | Farm |
| 18:27 | Construir | Farm |
| 18:27 | Construir | Farm |
| 18:28 | Construir | Farm |
| 18:28 | Construir | Farm |
| 18:33 | Crear | Villager (Male) |
| 18:33 | Crear | Villager (Male) |
| 18:33 | Crear | Villager (Male) |
| 18:43 | Construir | Stone Wall |
| 18:49 | Construir | Gate |
| 18:55 | Construir | Gate |
| 19:08 | Construir | Stone Wall |
| 19:19 | Construir | Stable |
| 19:23 | Construir | Stable |
| 19:27 | Investigar | Forging |
| 19:56 | Crear | Battle Elephant ×4 |
| 20:27 | Crear | Battle Elephant ×3 |
| 20:28 | Crear | Battle Elephant ×3 |
| 20:31 | Crear | Villager (Male) |
| 20:32 | Crear | Villager (Male) |
| 21:03 | Construir | Mining Camp |
| 21:11 | Crear | Villager (Male) |
| 21:11 | Crear | Villager (Male) |
| 21:25 | Crear | Battle Elephant ×2 |
| 21:26 | Crear | Battle Elephant ×2 |
| 21:26 | Crear | Battle Elephant |
| 21:33 | Construir | Mining Camp |
| 21:45 | Construir | Farm |
| 21:45 | Construir | Farm |
| 21:45 | Construir | Farm |
| 21:45 | Construir | Farm |
| 21:46 | Construir | Farm |
| 21:46 | Construir | Farm |
| 21:59 | Crear | Villager (Male) |
| 22:05 | Crear | Battle Elephant ×2 |
| 22:05 | Crear | Battle Elephant ×2 |
| 22:25 | Crear | Villager (Male) |
| 22:25 | Crear | Villager (Male) |
| 22:56 | Construir | Siege Workshop |
| 23:01 | Crear | Battle Elephant ×3 |
| 23:01 | Crear | Battle Elephant ×3 |
| 23:01 | Crear | Battle Elephant ×3 |
| 23:10 | Construir | House |
| 23:11 | Construir | House |
| 23:13 | Construir | House |
| 23:14 | Construir | House |
| 23:16 | Construir | House |
| 23:18 | Construir | House |
Build order — fatmuddybear
Primeras 150 de 356 acciones detectadas
| 0:01 | Crear | Villager (Male) |
| 0:01 | Crear | Villager (Male) |
| 0:02 | Crear | Villager (Male) |
| 0:02 | Crear | Villager (Male) |
| 0:03 | Construir | House |
| 0:05 | Construir | House |
| 1:25 | Crear | Villager (Male) |
| 1:26 | Crear | Villager (Male) |
| 2:20 | Crear | Villager (Male) |
| 2:21 | Crear | Villager (Male) |
| 2:53 | Crear | Villager (Male) |
| 2:53 | Crear | Villager (Male) |
| 3:02 | Construir | House |
| 3:03 | Construir | House |
| 3:05 | Crear | Villager (Male) |
| 3:05 | Crear | Villager (Male) |
| 3:53 | Crear | Villager (Male) |
| 3:56 | Crear | Villager (Male) |
| 3:56 | Crear | Villager (Male) |
| 3:56 | Crear | Villager (Male) |
| 3:56 | Crear | Villager (Male) |
| 4:12 | Crear | Villager (Male) |
| 4:12 | Crear | Villager (Male) |
| 4:39 | Crear | Villager (Male) |
| 4:39 | Crear | Villager (Male) |
| 5:00 | Crear | Villager (Male) |
| 5:00 | Crear | Villager (Male) |
| 5:46 | Crear | Villager (Male) |
| 5:46 | Crear | Villager (Male) |
| 5:46 | Crear | Villager (Male) |
| 5:47 | Crear | Villager (Male) |
| 6:21 | Construir | Lumber Camp |
| 6:51 | Construir | Mill |
| 7:16 | Crear | Villager (Male) |
| 7:16 | Crear | Villager (Male) |
| 7:16 | Crear | Villager (Male) |
| 7:17 | Crear | Villager (Male) |
| 7:17 | Crear | Villager (Male) |
| 7:17 | Crear | Villager (Male) |
| 9:04 | Investigar | Feudal Age |
| 9:15 | Construir | House |
| 9:16 | Construir | House |
| 10:25 | Crear | Villager (Male) |
| 10:25 | Crear | Villager (Male) |
| 10:25 | Crear | Villager (Male) |
| 10:25 | Crear | Villager (Male) |
| 10:26 | Crear | Villager (Male) |
| 10:26 | Crear | Villager (Male) |
| 10:26 | Crear | Villager (Male) |
| 10:27 | Crear | Villager (Male) |
| 10:27 | Crear | Villager (Male) |
| 10:37 | Crear | Villager (Male) |
| 10:38 | Crear | Villager (Male) |
| 11:11 | Crear | Villager (Male) |
| 11:12 | Crear | Villager (Male) |
| 11:40 | Construir | Town Center |
| 11:56 | Construir | Market |
| 12:04 | Construir | Blacksmith |
| 12:23 | Construir | Farm |
| 12:25 | Construir | Farm |
| 12:28 | Construir | Farm |
| 12:31 | Construir | Farm |
| 12:39 | Crear | Villager (Male) |
| 13:07 | Crear | Villager (Male) |
| 13:10 | Construir | Farm |
| 13:13 | Construir | Farm |
| 13:57 | Crear | Villager (Male) |
| 14:12 | Investigar | Castle Age |
| 14:13 | Crear | Villager (Male) |
| 14:13 | Crear | Villager (Male) |
| 14:13 | Crear | Villager (Male) |
| 14:19 | Construir | Farm |
| 14:22 | Construir | Farm |
| 14:24 | Construir | Farm |
| 14:50 | Construir | Lumber Camp |
| 15:15 | Construir | Siege Workshop |
| 15:23 | Investigar | Wheelbarrow |
| 15:34 | Construir | Farm |
| 15:48 | Construir | Farm |
| 16:20 | Construir | Barracks |
| 16:28 | Crear | Villager (Male) ×4 |
| 16:28 | Crear | Villager (Male) ×4 |
| 16:35 | Crear | Villager (Male) |
| 16:39 | Investigar | Double-Bit Axe |
| 16:40 | Investigar | Horse Collar |
| 16:43 | Crear | Villager (Male) |
| 16:43 | Crear | Villager (Male) |
| 16:48 | Construir | Farm |
| 16:52 | Construir | Farm |
| 16:57 | Construir | Farm |
| 17:00 | Crear | Villager (Male) |
| 17:00 | Crear | Villager (Male) |
| 17:01 | Crear | Villager (Male) |
| 17:17 | Construir | Farm |
| 17:24 | Crear | Villager (Male) |
| 17:26 | Crear | Villager (Male) |
| 17:52 | Construir | Stable |
| 17:53 | Construir | Stable |
| 18:05 | Crear | Villager (Male) ×3 |
| 18:05 | Crear | Villager (Male) ×3 |
| 18:45 | Crear | Villager (Male) ×4 |
| 18:45 | Crear | Villager (Male) ×4 |
| 18:45 | Crear | Villager (Male) |
| 18:49 | Construir | House |
| 18:49 | Construir | House |
| 18:53 | Construir | House |
| 18:54 | Construir | House |
| 18:59 | Construir | House |
| 19:05 | Crear | Villager (Male) ×2 |
| 19:05 | Crear | Villager (Male) ×2 |
| 19:22 | Crear | Villager (Male) |
| 19:29 | Construir | House |
| 19:31 | Construir | House |
| 19:32 | Construir | House |
| 19:33 | Construir | House |
| 19:42 | Crear | Villager (Male) ×2 |
| 19:42 | Crear | Villager (Male) ×2 |
| 20:15 | Crear | Villager (Male) ×2 |
| 20:16 | Crear | Villager (Male) ×2 |
| 20:25 | Construir | Monastery |
| 20:33 | Construir | Lumber Camp |
| 20:44 | Construir | Siege Workshop |
| 20:51 | Investigar | Bloodlines |
| 20:57 | Crear | Villager (Male) |
| 20:57 | Crear | Villager (Male) |
| 21:03 | Crear | Monk |
| 21:10 | Construir | Farm |
| 21:14 | Construir | Farm |
| 21:16 | Construir | Farm |
| 21:22 | Construir | Farm |
| 21:24 | Construir | Farm |
| 21:26 | Construir | Farm |
| 21:40 | Crear | Villager (Male) ×4 |
| 21:40 | Crear | Villager (Male) ×4 |
| 21:45 | Construir | House |
| 21:46 | Construir | House |
| 21:48 | Construir | House |
| 21:53 | Crear | Battering Ram |
| 22:40 | Construir | Farm |
| 22:40 | Construir | Farm |
| 22:40 | Construir | Farm |
| 22:40 | Construir | Farm |
| 22:41 | Construir | Farm |
| 22:41 | Construir | Farm |
| 22:41 | Construir | Farm |
| 22:41 | Construir | Farm |
| 22:41 | Construir | Farm |
| 22:42 | Construir | Farm |
| 23:12 | Crear | Villager (Male) ×5 |
| 23:12 | Crear | Villager (Male) ×5 |
Build order — KOLSONxCANADIAN
Primeras 150 de 398 acciones detectadas
| 0:01 | Construir | House |
| 0:04 | Construir | House |
| 0:07 | Investigar | Loom |
| 0:09 | Construir | House |
| 0:11 | Construir | House |
| 0:25 | Crear | Villager (Male) |
| 0:25 | Crear | Villager (Male) |
| 0:25 | Crear | Villager (Male) |
| 1:31 | Crear | Villager (Male) |
| 1:31 | Crear | Villager (Male) |
| 2:27 | Crear | Villager (Male) |
| 2:27 | Crear | Villager (Male) |
| 3:10 | Crear | Villager (Male) |
| 3:44 | Crear | Villager (Male) |
| 4:01 | Crear | Villager (Male) |
| 4:01 | Crear | Villager (Male) |
| 4:03 | Crear | Villager (Male) |
| 4:23 | Crear | Villager (Male) |
| 4:23 | Crear | Villager (Male) |
| 4:23 | Crear | Villager (Male) |
| 4:33 | Construir | Lumber Camp |
| 4:55 | Crear | Villager (Male) |
| 5:22 | Crear | Villager (Male) |
| 5:23 | Crear | Villager (Male) |
| 6:16 | Crear | Villager (Male) |
| 6:16 | Crear | Villager (Male) |
| 6:16 | Crear | Villager (Male) |
| 6:54 | Crear | Villager (Male) |
| 6:54 | Crear | Villager (Male) |
| 7:32 | Crear | Villager (Male) |
| 7:47 | Construir | Mill |
| 7:56 | Crear | Villager (Male) |
| 8:39 | Investigar | Feudal Age |
| 10:02 | Crear | Villager (Male) |
| 10:32 | Construir | Lumber Camp |
| 11:03 | Construir | Barracks |
| 11:10 | Investigar | Double-Bit Axe |
| 11:12 | Crear | Villager (Male) |
| 11:16 | Construir | Mining Camp |
| 11:22 | Construir | House |
| 11:24 | Construir | House |
| 11:32 | Investigar | Wheelbarrow |
| 11:35 | Crear | Villager (Male) |
| 12:14 | Construir | Archery Range |
| 12:21 | Crear | Villager (Male) |
| 12:59 | Crear | Villager (Male) |
| 13:02 | Investigar | Gold Mining |
| 13:17 | Construir | Blacksmith |
| 13:19 | Crear | Archer |
| 13:22 | Crear | Villager (Male) |
| 13:35 | Construir | Archery Range |
| 13:39 | Crear | Villager (Male) |
| 13:40 | Crear | Villager (Male) |
| 13:52 | Crear | Villager (Male) |
| 13:58 | Construir | House |
| 14:00 | Construir | House |
| 14:01 | Construir | House |
| 14:08 | Crear | Archer |
| 14:17 | Crear | Spearman |
| 14:32 | Crear | Archer |
| 14:35 | Investigar | Fletching |
| 15:02 | Crear | Archer |
| 15:02 | Crear | Archer |
| 15:04 | Crear | Archer |
| 15:35 | Crear | Archer |
| 15:35 | Crear | Archer |
| 15:39 | Crear | Spearman |
| 15:40 | Crear | Spearman |
| 15:46 | Construir | House |
| 15:48 | Construir | House |
| 15:49 | Construir | House |
| 15:55 | Crear | Villager (Male) |
| 15:56 | Crear | Villager (Male) |
| 16:03 | Crear | Archer |
| 16:04 | Crear | Archer |
| 16:21 | Construir | House |
| 16:22 | Construir | House |
| 16:25 | Construir | House |
| 16:37 | Construir | Palisade Wall |
| 16:39 | Crear | Villager (Male) |
| 16:42 | Construir | Farm |
| 16:43 | Construir | Farm |
| 16:43 | Construir | Farm |
| 16:43 | Construir | Farm |
| 16:43 | Construir | Farm |
| 16:44 | Construir | Farm |
| 16:44 | Construir | Farm |
| 16:50 | Crear | Archer |
| 16:56 | Investigar | Padded Archer Armor |
| 17:07 | Crear | Archer |
| 17:08 | Crear | Archer |
| 17:20 | Crear | Spearman |
| 17:26 | Construir | Farm |
| 17:27 | Construir | Farm |
| 17:29 | Construir | Farm |
| 18:08 | Construir | Stone Wall |
| 18:15 | Construir | Stone Wall |
| 18:21 | Construir | Stone Wall |
| 18:36 | Construir | Gate |
| 18:43 | Construir | Farm |
| 18:44 | Construir | Farm |
| 18:44 | Construir | Farm |
| 18:44 | Construir | Farm |
| 18:49 | Crear | Archer |
| 18:50 | Crear | Archer |
| 19:29 | Investigar | Castle Age |
| 20:49 | Crear | Archer |
| 20:49 | Crear | Archer |
| 20:49 | Crear | Archer |
| 20:50 | Crear | Archer |
| 20:58 | Construir | Mining Camp |
| 21:01 | Investigar | Stone Mining |
| 22:00 | Construir | Stone Wall |
| 22:12 | Investigar | Bow Saw |
| 22:17 | Construir | Town Center |
| 22:31 | Investigar | Crossbowman (upgrade) |
| 22:37 | Investigar | Bodkin Arrow |
| 23:07 | Construir | Town Center |
| 23:12 | Crear | Villager (Male) |
| 23:12 | Crear | Villager (Male) |
| 23:13 | Crear | Villager (Male) |
| 23:26 | Crear | Villager (Male) |
| 23:26 | Crear | Villager (Male) |
| 23:26 | Crear | Villager (Male) |
| 23:33 | Construir | Farm |
| 23:34 | Construir | Farm |
| 23:56 | Crear | Villager (Male) |
| 23:57 | Crear | Villager (Male) |
| 23:57 | Crear | Villager (Male) |
| 24:29 | Crear | Villager (Male) |
| 24:31 | Investigar | Hand Cart |
| 24:33 | Crear | Villager (Male) |
| 24:46 | Investigar | Stone Shaft Mining |
| 24:57 | Investigar | Leather Archer Armor |
| 25:28 | Crear | Villager (Male) |
| 25:29 | Crear | Villager (Male) |
| 25:30 | Crear | Villager (Male) |
| 25:31 | Crear | Villager (Male) |
| 25:39 | Construir | University |
| 25:42 | Construir | House |
| 25:52 | Crear | Villager (Male) |
| 25:53 | Crear | Villager (Male) |
| 25:53 | Crear | Villager (Male) |
| 25:58 | Investigar | Horse Collar |
| 26:11 | Investigar | Scale Mail Armor |
| 26:16 | Crear | Villager (Male) |
| 26:23 | Construir | Farm |
| 26:23 | Construir | Farm |
| 26:23 | Construir | Farm |
| 26:24 | Construir | Farm |
Build order — JoacoPro
Primeras 150 de 345 acciones detectadas
| 0:01 | Crear | Villager (Male) |
| 0:02 | Crear | Villager (Male) |
| 0:06 | Construir | House |
| 0:13 | Construir | House |
| 0:42 | Crear | Villager (Male) |
| 0:43 | Crear | Villager (Male) |
| 0:43 | Crear | Villager (Male) |
| 1:22 | Crear | Villager (Male) |
| 1:23 | Crear | Villager (Male) |
| 1:47 | Crear | Villager (Male) |
| 1:48 | Crear | Villager (Male) |
| 2:04 | Crear | Villager (Male) |
| 2:32 | Crear | Villager (Male) |
| 2:32 | Crear | Villager (Male) |
| 2:45 | Crear | Villager (Male) |
| 2:46 | Crear | Villager (Male) |
| 3:10 | Crear | Villager (Male) |
| 3:11 | Crear | Villager (Male) |
| 3:21 | Crear | Villager (Male) |
| 3:22 | Crear | Villager (Male) |
| 3:31 | Construir | House |
| 3:53 | Construir | Mill |
| 3:57 | Crear | Villager (Male) |
| 3:57 | Crear | Villager (Male) |
| 3:58 | Crear | Villager (Male) |
| 4:31 | Crear | Villager (Male) |
| 4:57 | Construir | Lumber Camp |
| 5:06 | Crear | Villager (Male) |
| 5:40 | Crear | Villager (Male) |
| 5:40 | Crear | Villager (Male) |
| 5:40 | Crear | Villager (Male) |
| 5:45 | Construir | House |
| 5:58 | Crear | Villager (Male) |
| 5:58 | Crear | Villager (Male) |
| 6:30 | Construir | Mining Camp |
| 7:01 | Crear | Villager (Male) |
| 7:01 | Crear | Villager (Male) |
| 7:36 | Construir | Mill |
| 7:44 | Construir | House |
| 7:56 | Crear | Villager (Male) |
| 8:33 | Construir | Mining Camp |
| 8:45 | Crear | Villager (Male) |
| 9:05 | Construir | Lumber Camp |
| 9:17 | Crear | Villager (Male) |
| 9:17 | Crear | Villager (Male) |
| 10:01 | Investigar | Loom |
| 10:27 | Investigar | Feudal Age |
| 11:11 | Construir | Lumber Camp |
| 11:18 | Crear | Villager (Male) |
| 11:19 | Crear | Villager (Male) |
| 11:33 | Construir | House |
| 11:40 | Construir | House |
| 11:49 | Construir | House |
| 12:09 | Construir | Barracks |
| 12:36 | Construir | House |
| 12:38 | Construir | House |
| 12:40 | Construir | House |
| 12:47 | Investigar | Double-Bit Axe |
| 12:54 | Investigar | Gold Mining |
| 13:17 | Construir | Archery Range |
| 13:31 | Crear | Villager (Male) |
| 13:55 | Construir | Archery Range |
| 14:19 | Crear | Villager (Male) |
| 14:20 | Crear | Villager (Male) |
| 14:26 | Crear | Archer |
| 14:26 | Crear | Archer |
| 14:26 | Crear | Archer |
| 14:40 | Crear | Villager (Male) |
| 14:41 | Crear | Villager (Male) |
| 14:54 | Crear | Archer |
| 15:24 | Crear | Villager (Male) |
| 15:25 | Crear | Villager (Male) |
| 15:32 | Crear | Archer |
| 15:32 | Crear | Archer |
| 15:32 | Crear | Archer |
| 15:32 | Crear | Archer |
| 15:50 | Construir | Farm |
| 15:50 | Construir | Farm |
| 15:52 | Construir | Farm |
| 15:53 | Construir | Farm |
| 15:54 | Construir | Farm |
| 15:55 | Construir | Farm |
| 15:56 | Construir | Farm |
| 15:57 | Construir | Farm |
| 16:11 | Crear | Villager (Male) |
| 16:11 | Crear | Villager (Male) |
| 16:17 | Crear | Archer |
| 16:17 | Crear | Archer |
| 16:17 | Crear | Archer |
| 16:18 | Crear | Archer |
| 16:21 | Crear | Villager (Male) |
| 16:36 | Construir | Farm |
| 16:37 | Construir | Farm |
| 16:40 | Construir | Farm |
| 16:41 | Construir | Farm |
| 16:42 | Construir | Farm |
| 16:43 | Construir | Farm |
| 16:45 | Construir | Farm |
| 16:47 | Construir | Farm |
| 16:48 | Construir | Farm |
| 16:54 | Crear | Villager (Male) |
| 16:58 | Crear | Archer |
| 16:58 | Crear | Archer |
| 16:59 | Crear | Archer |
| 16:59 | Crear | Archer |
| 17:33 | Crear | Villager (Male) |
| 17:33 | Crear | Villager (Male) |
| 17:46 | Crear | Archer |
| 17:47 | Crear | Archer |
| 18:08 | Construir | Blacksmith |
| 18:12 | Construir | Market |
| 18:16 | Crear | Villager (Male) |
| 18:25 | Crear | Skirmisher |
| 18:25 | Crear | Skirmisher |
| 18:49 | Crear | Villager (Male) |
| 18:49 | Crear | Villager (Male) |
| 18:52 | Crear | Archer |
| 18:52 | Crear | Archer |
| 18:54 | Investigar | Horse Collar |
| 19:04 | Investigar | Stone Mining |
| 19:19 | Investigar | Fletching |
| 19:30 | Construir | Farm |
| 19:31 | Construir | Farm |
| 19:32 | Construir | Farm |
| 19:33 | Construir | Farm |
| 19:36 | Crear | Villager (Male) |
| 19:36 | Crear | Villager (Male) |
| 19:44 | Construir | House |
| 19:45 | Construir | House |
| 19:46 | Construir | House |
| 19:51 | Crear | Villager (Male) |
| 20:47 | Crear | Villager (Male) |
| 20:47 | Crear | Villager (Male) |
| 21:15 | Crear | Villager (Male) |
| 21:16 | Crear | Villager (Male) |
| 21:22 | Construir | House |
| 21:23 | Construir | House |
| 21:24 | Construir | House |
| 21:26 | Construir | House |
| 21:28 | Construir | House |
| 21:29 | Construir | House |
| 21:35 | Crear | Skirmisher |
| 21:35 | Crear | Skirmisher |
| 21:45 | Construir | Farm |
| 21:46 | Construir | Farm |
| 21:49 | Construir | Farm |
| 21:55 | Crear | Villager (Male) |
| 22:10 | Crear | Skirmisher |
| 22:10 | Crear | Skirmisher |
| 22:13 | Investigar | Padded Archer Armor |
Build order — TheFox
36 acciones detectadas en el replay
| 0:44 | Construir | House |
| 1:01 | Crear | Villager (Male) |
| 1:01 | Crear | Villager (Male) |
| 1:01 | Crear | Villager (Male) |
| 1:01 | Crear | Villager (Male) |
| 1:02 | Crear | Villager (Male) |
| 1:36 | Construir | House |
| 2:40 | Crear | Villager (Male) |
| 2:41 | Crear | Villager (Male) |
| 3:05 | Crear | Villager (Male) |
| 3:05 | Crear | Villager (Male) |
| 3:26 | Crear | Villager (Male) |
| 3:27 | Crear | Villager (Male) |
| 4:28 | Crear | Villager (Male) |
| 4:29 | Crear | Villager (Male) |
| 4:37 | Crear | Villager (Male) |
| 5:46 | Construir | House |
| 5:48 | Construir | House |
| 5:53 | Construir | House |
| 6:01 | Crear | Villager (Male) |
| 6:01 | Crear | Villager (Male) |
| 6:02 | Crear | Villager (Male) |
| 7:23 | Construir | Mill |
| 7:49 | Construir | Palisade Wall |
| 8:06 | Construir | Lumber Camp |
| 8:20 | Construir | Farm |
| 8:22 | Construir | Farm |
| 8:24 | Construir | Farm |
| 9:38 | Construir | Farm |
| 10:13 | Construir | Farm |
| 10:32 | Construir | Palisade Wall |
| 11:35 | Construir | Farm |
| 11:51 | Crear | Villager (Male) |
| 12:22 | Construir | Farm |
| 12:32 | Investigar | Feudal Age |
| 12:55 | Construir | Barracks |
Build order — Teutons_CF
Primeras 150 de 452 acciones detectadas
| 0:02 | Crear | Villager (Male) |
| 0:02 | Crear | Villager (Male) |
| 0:03 | Crear | Villager (Male) |
| 0:03 | Crear | Villager (Male) |
| 0:03 | Crear | Villager (Male) |
| 0:03 | Crear | Villager (Male) |
| 0:07 | Construir | House |
| 0:12 | Construir | House |
| 1:29 | Crear | Villager (Male) |
| 1:30 | Crear | Villager (Male) |
| 1:54 | Crear | Villager (Male) |
| 1:54 | Crear | Villager (Male) |
| 2:28 | Crear | Villager (Male) |
| 2:28 | Crear | Villager (Male) |
| 2:31 | Crear | Villager (Male) |
| 2:31 | Crear | Villager (Male) |
| 2:41 | Construir | House |
| 2:43 | Construir | House |
| 3:03 | Crear | Villager (Male) |
| 3:04 | Crear | Villager (Male) |
| 3:17 | Construir | Lumber Camp |
| 3:19 | Crear | Villager (Male) |
| 3:19 | Crear | Villager (Male) |
| 3:22 | Investigar | Loom |
| 3:23 | Investigar | Loom |
| 3:23 | Crear | Villager (Male) |
| 3:23 | Crear | Villager (Male) |
| 3:49 | Crear | Villager (Male) |
| 3:50 | Crear | Villager (Male) |
| 4:07 | Construir | House |
| 4:32 | Crear | Villager (Male) |
| 4:32 | Crear | Villager (Male) |
| 4:39 | Construir | House |
| 4:59 | Crear | Villager (Male) |
| 5:41 | Crear | Villager (Male) |
| 5:43 | Crear | Villager (Male) |
| 5:49 | Crear | Villager (Male) |
| 5:49 | Crear | Villager (Male) |
| 6:13 | Construir | Mill |
| 7:01 | Crear | Villager (Male) |
| 7:01 | Crear | Villager (Male) |
| 7:06 | Crear | Villager (Male) |
| 7:17 | Construir | House |
| 7:18 | Construir | House |
| 7:43 | Crear | Villager (Male) |
| 8:15 | Crear | Villager (Male) |
| 8:30 | Construir | Barracks |
| 8:35 | Crear | Villager (Male) |
| 9:43 | Investigar | Feudal Age |
| 9:43 | Investigar | Feudal Age |
| 10:07 | Crear | Militia |
| 10:07 | Crear | Militia |
| 10:07 | Crear | Militia |
| 10:18 | Construir | Mining Camp |
| 10:28 | Crear | Villager (Male) |
| 10:37 | Crear | Villager (Male) |
| 11:37 | Crear | Villager (Male) |
| 11:42 | Construir | Mining Camp |
| 11:46 | Crear | Militia |
| 11:47 | Crear | Militia |
| 11:47 | Crear | Militia |
| 11:47 | Crear | Militia |
| 11:47 | Crear | Militia |
| 11:57 | Investigar | Horse Collar |
| 12:08 | Construir | Farm |
| 12:08 | Construir | Farm |
| 12:08 | Construir | Farm |
| 12:12 | Investigar | Double-Bit Axe |
| 12:12 | Investigar | Double-Bit Axe |
| 12:30 | Investigar | Man-at-Arms (upgrade) |
| 12:31 | Crear | Militia |
| 12:39 | Construir | Farm |
| 12:47 | Construir | Farm |
| 12:47 | Construir | Farm |
| 12:47 | Construir | Farm |
| 12:48 | Construir | Farm |
| 13:11 | Construir | Farm |
| 13:26 | Construir | Watch Tower |
| 13:31 | Crear | Militia |
| 13:31 | Crear | Militia |
| 13:32 | Crear | Militia |
| 13:51 | Construir | Farm |
| 13:51 | Construir | Farm |
| 13:54 | Crear | Villager (Male) |
| 13:54 | Crear | Villager (Male) |
| 14:24 | Crear | Militia |
| 14:24 | Crear | Militia |
| 14:24 | Crear | Militia |
| 14:54 | Construir | Watch Tower |
| 15:02 | Crear | Villager (Male) |
| 15:02 | Crear | Villager (Male) |
| 15:03 | Crear | Villager (Male) |
| 15:09 | Construir | Blacksmith |
| 15:16 | Crear | Villager (Male) |
| 15:17 | Crear | Villager (Male) |
| 15:52 | Construir | Mining Camp |
| 15:57 | Crear | Villager (Male) |
| 15:57 | Crear | Villager (Male) |
| 15:58 | Crear | Villager (Male) |
| 15:58 | Crear | Villager (Male) |
| 16:05 | Construir | Farm |
| 16:16 | Construir | Stone Wall |
| 16:17 | Construir | Stone Wall |
| 16:47 | Crear | Villager (Male) |
| 16:54 | Construir | Gate |
| 17:09 | Construir | House |
| 17:58 | Crear | Villager (Male) |
| 17:58 | Crear | Villager (Male) |
| 17:58 | Crear | Villager (Male) |
| 17:58 | Crear | Villager (Male) |
| 18:06 | Construir | Market |
| 18:15 | Construir | Stone Wall |
| 18:21 | Investigar | Horse Collar |
| 18:21 | Investigar | Horse Collar |
| 18:24 | Crear | Spearman |
| 18:24 | Crear | Spearman |
| 18:31 | Crear | Spearman |
| 18:31 | Crear | Spearman |
| 18:44 | Construir | House |
| 18:45 | Construir | House |
| 18:46 | Construir | House |
| 18:51 | Construir | House |
| 18:59 | Crear | Villager (Male) |
| 19:05 | Construir | Farm |
| 19:11 | Construir | Farm |
| 19:12 | Construir | Farm |
| 19:16 | Crear | Villager (Male) |
| 19:22 | Construir | Farm |
| 19:25 | Crear | Villager (Male) |
| 19:51 | Construir | Farm |
| 19:52 | Construir | Farm |
| 20:03 | Construir | Farm |
| 20:11 | Construir | House |
| 20:14 | Crear | Villager (Male) |
| 20:19 | Investigar | Town Watch |
| 20:21 | Crear | Villager (Male) |
| 20:22 | Crear | Villager (Male) |
| 20:34 | Crear | Villager (Male) |
| 20:49 | Crear | Villager (Male) |
| 21:05 | Investigar | Castle Age |
| 21:16 | Construir | Archery Range |
| 21:30 | Construir | Watch Tower |
| 21:41 | Investigar | Fletching |
| 21:43 | Investigar | Padded Archer Armor |
| 21:54 | Construir | House |
| 21:55 | Construir | House |
| 21:55 | Construir | House |
| 21:55 | Construir | House |
| 21:55 | Construir | House |
| 21:56 | Construir | House |
Build order — The Slayer
Primeras 150 de 242 acciones detectadas
| 0:05 | Crear | Villager (Male) ×4 |
| 0:05 | Crear | Villager (Male) ×4 |
| 0:09 | Construir | House |
| 0:11 | Construir | House |
| 1:34 | Crear | Villager (Male) |
| 1:35 | Crear | Villager (Male) |
| 1:52 | Construir | Mill |
| 2:06 | Crear | Villager (Male) |
| 2:06 | Crear | Villager (Male) |
| 2:29 | Crear | Villager (Male) |
| 2:29 | Crear | Villager (Male) |
| 2:57 | Crear | Villager (Male) |
| 3:08 | Crear | Villager (Male) |
| 3:08 | Crear | Villager (Male) |
| 3:47 | Construir | House |
| 3:49 | Construir | House |
| 3:57 | Crear | Villager (Male) |
| 3:57 | Crear | Villager (Male) |
| 3:57 | Crear | Villager (Male) |
| 3:58 | Crear | Villager (Male) |
| 4:11 | Investigar | Loom |
| 4:22 | Crear | Villager (Male) |
| 4:22 | Crear | Villager (Male) |
| 4:26 | Investigar | Loom |
| 5:04 | Crear | Villager (Male) |
| 5:04 | Crear | Villager (Male) |
| 5:04 | Crear | Villager (Male) |
| 5:40 | Crear | Villager (Male) |
| 5:40 | Crear | Villager (Male) |
| 5:55 | Crear | Villager (Male) |
| 5:55 | Crear | Villager (Male) |
| 6:28 | Crear | Villager (Male) |
| 6:28 | Crear | Villager (Male) |
| 7:15 | Investigar | Feudal Age |
| 8:00 | Crear | Villager (Male) |
| 8:01 | Crear | Villager (Male) |
| 9:22 | Crear | Villager (Male) |
| 9:33 | Investigar | Wheelbarrow |
| 10:10 | Construir | Lumber Camp |
| 10:21 | Crear | Villager (Male) |
| 10:31 | Construir | House |
| 10:32 | Construir | House |
| 10:34 | Construir | House |
| 10:37 | Construir | House |
| 10:58 | Construir | Stone Wall |
| 11:12 | Construir | House |
| 11:13 | Construir | House |
| 11:17 | Construir | House |
| 11:19 | Construir | House |
| 11:21 | Construir | House |
| 11:22 | Construir | House |
| 11:42 | Crear | Villager (Male) ×5 |
| 12:24 | Construir | Mining Camp |
| 12:48 | Construir | Stone Wall |
| 12:55 | Construir | Stone Wall |
| 13:04 | Construir | Gate |
| 13:09 | Investigar | Stone Mining |
| 13:27 | Crear | Villager (Male) |
| 13:48 | Construir | Farm |
| 13:49 | Construir | Farm |
| 13:50 | Construir | Farm |
| 13:53 | Construir | Farm |
| 13:54 | Construir | Farm |
| 13:55 | Construir | Farm |
| 14:14 | Construir | Farm |
| 14:15 | Construir | Farm |
| 14:18 | Construir | Farm |
| 14:19 | Construir | Farm |
| 14:20 | Construir | Farm |
| 15:24 | Crear | Villager (Male) |
| 15:24 | Crear | Villager (Male) |
| 15:24 | Crear | Villager (Male) |
| 15:41 | Construir | Farm |
| 15:43 | Construir | Farm |
| 15:44 | Construir | Farm |
| 15:45 | Construir | Farm |
| 15:50 | Construir | Farm |
| 15:51 | Construir | Farm |
| 15:53 | Construir | Farm |
| 15:54 | Construir | Farm |
| 15:56 | Construir | Farm |
| 15:57 | Construir | Farm |
| 16:03 | Crear | Villager (Male) |
| 16:03 | Crear | Villager (Male) |
| 16:03 | Crear | Villager (Male) |
| 16:19 | Construir | Farm |
| 16:21 | Construir | Farm |
| 16:44 | Investigar | Horse Collar |
| 16:49 | Investigar | Double-Bit Axe |
| 17:11 | Crear | Villager (Male) |
| 17:11 | Crear | Villager (Male) |
| 17:11 | Crear | Villager (Male) |
| 17:33 | Construir | Farm |
| 17:34 | Construir | Farm |
| 17:36 | Construir | Farm |
| 17:37 | Construir | Farm |
| 17:39 | Construir | Farm |
| 17:45 | Construir | Farm |
| 17:50 | Construir | Farm |
| 17:52 | Construir | Farm |
| 18:25 | Construir | Mining Camp |
| 18:40 | Construir | Lumber Camp |
| 18:47 | Crear | Villager (Male) |
| 18:47 | Crear | Villager (Male) |
| 18:48 | Crear | Villager (Male) |
| 18:48 | Crear | Villager (Male) |
| 18:48 | Crear | Villager (Male) |
| 18:48 | Crear | Villager (Male) |
| 19:05 | Investigar | Gold Mining |
| 19:34 | Crear | Villager (Male) |
| 19:35 | Crear | Villager (Male) |
| 19:35 | Crear | Villager (Male) |
| 21:30 | Investigar | Castle Age |
| 21:31 | Crear | Villager (Male) |
| 21:31 | Crear | Villager (Male) |
| 21:32 | Crear | Villager (Male) |
| 21:32 | Crear | Villager (Male) |
| 21:45 | Construir | Farm |
| 21:46 | Construir | Farm |
| 21:47 | Construir | Farm |
| 23:08 | Crear | Villager (Male) ×5 |
| 24:14 | Construir | Town Center |
| 24:24 | Construir | Town Center |
| 24:28 | Investigar | Bow Saw |
| 24:33 | Investigar | Gold Shaft Mining |
| 24:36 | Investigar | Stone Shaft Mining |
| 24:40 | Investigar | Heavy Plow |
| 24:46 | Investigar | Hand Cart |
| 25:22 | Construir | Lumber Camp |
| 25:33 | Crear | Villager (Male) ×5 |
| 25:42 | Crear | Villager (Male) ×5 |
| 25:52 | Crear | Villager (Male) ×5 |
| 26:04 | Construir | Siege Workshop |
| 26:51 | Construir | Castle |
| 27:00 | Crear | Battering Ram |
| 27:00 | Crear | Battering Ram |
| 27:45 | Construir | Castle |
| 28:44 | Construir | Farm |
| 28:48 | Construir | Farm |
| 28:48 | Construir | Farm |
| 28:49 | Construir | Farm |
| 28:52 | Construir | Farm |
| 28:53 | Construir | Farm |
| 29:02 | Crear | Villager (Male) ×5 |
| 29:26 | Investigar | Imperial Age |
| 29:52 | Crear | Villager (Male) ×5 |
| 30:18 | Construir | Farm |
| 30:19 | Construir | Farm |
| 30:31 | Construir | Farm |
| 30:32 | Construir | Farm |
Build order — joaopessoense
Primeras 150 de 370 acciones detectadas
| 0:05 | Investigar | Loom |
| 0:46 | Crear | Villager (Male) |
| 1:16 | Crear | Villager (Male) |
| 1:44 | Crear | Villager (Male) |
| 2:13 | Crear | Villager (Male) |
| 2:34 | Crear | Villager (Male) |
| 2:45 | Construir | House |
| 3:01 | Crear | Villager (Male) |
| 3:05 | Crear | Villager (Male) |
| 3:30 | Construir | House |
| 3:31 | Construir | House |
| 3:41 | Crear | Villager (Male) |
| 3:54 | Crear | Villager (Male) |
| 4:05 | Crear | Villager (Male) |
| 4:20 | Crear | Villager (Male) |
| 4:28 | Construir | House |
| 4:46 | Crear | Villager (Male) |
| 4:59 | Construir | House |
| 5:09 | Crear | Villager (Male) |
| 5:29 | Construir | Palisade Wall |
| 5:51 | Crear | Villager (Male) |
| 5:55 | Construir | Lumber Camp |
| 6:14 | Construir | Palisade Wall |
| 6:16 | Crear | Villager (Male) |
| 6:28 | Crear | Villager (Male) |
| 7:22 | Crear | Villager (Male) |
| 7:40 | Crear | Villager (Male) |
| 8:05 | Crear | Villager (Male) |
| 8:20 | Crear | Villager (Male) |
| 8:25 | Construir | Mill |
| 8:45 | Crear | Villager (Male) |
| 9:24 | Construir | Palisade Wall |
| 9:29 | Construir | Mining Camp |
| 9:43 | Investigar | Feudal Age |
| 10:54 | Construir | Palisade Wall |
| 11:03 | Construir | Palisade Gate |
| 11:55 | Crear | Villager (Male) |
| 12:03 | Construir | Market |
| 12:25 | Crear | Villager (Male) |
| 12:52 | Crear | Villager (Male) |
| 13:08 | Construir | Blacksmith |
| 13:33 | Investigar | Castle Age |
| 14:02 | Construir | House |
| 14:07 | Construir | House |
| 14:21 | Construir | Farm |
| 14:28 | Construir | Farm |
| 14:35 | Construir | Farm |
| 14:37 | Construir | House |
| 14:42 | Construir | Farm |
| 15:08 | Construir | House |
| 15:14 | Construir | Farm |
| 15:36 | Investigar | Double-Bit Axe |
| 15:39 | Construir | House |
| 16:12 | Crear | Villager (Male) |
| 16:17 | Construir | Stone Wall |
| 16:28 | Construir | Town Center |
| 16:34 | Crear | Villager (Male) |
| 16:54 | Construir | Stone Wall |
| 17:00 | Crear | Villager (Male) |
| 17:19 | Construir | Farm |
| 17:21 | Construir | Farm |
| 17:22 | Construir | Farm |
| 17:24 | Construir | Farm |
| 17:26 | Construir | Farm |
| 17:30 | Crear | Villager (Male) |
| 17:35 | Construir | Farm |
| 17:54 | Construir | Farm |
| 17:56 | Crear | Villager (Male) |
| 18:09 | Construir | Farm |
| 18:14 | Crear | Villager (Male) |
| 18:31 | Construir | Stone Wall |
| 18:45 | Crear | Villager (Male) |
| 18:46 | Crear | Villager (Male) |
| 18:46 | Crear | Villager (Male) |
| 19:07 | Construir | Farm |
| 19:12 | Investigar | Horse Collar |
| 19:15 | Crear | Villager (Male) |
| 19:15 | Crear | Villager (Male) |
| 19:17 | Construir | Farm |
| 19:18 | Construir | Farm |
| 19:23 | Construir | Farm |
| 19:31 | Construir | Gate |
| 19:34 | Crear | Villager (Male) |
| 19:37 | Construir | Farm |
| 19:44 | Crear | Villager (Male) |
| 19:55 | Construir | Mining Camp |
| 20:00 | Crear | Villager (Male) |
| 20:01 | Crear | Villager (Male) |
| 20:08 | Construir | Farm |
| 20:26 | Investigar | Heavy Plow |
| 20:29 | Crear | Villager (Male) |
| 20:35 | Crear | Villager (Male) |
| 20:50 | Construir | Farm |
| 21:01 | Crear | Villager (Male) |
| 21:02 | Crear | Villager (Male) |
| 21:15 | Construir | Town Center |
| 21:22 | Investigar | Bow Saw |
| 21:24 | Crear | Villager (Male) |
| 21:42 | Construir | Stone Wall |
| 21:50 | Crear | Villager (Male) |
| 21:50 | Crear | Villager (Male) |
| 21:59 | Investigar | Stone Mining |
| 22:17 | Crear | Villager (Male) |
| 22:17 | Crear | Villager (Male) |
| 22:27 | Construir | Stone Wall |
| 22:36 | Crear | Villager (Male) |
| 22:38 | Construir | Farm |
| 22:40 | Construir | Farm |
| 22:42 | Construir | Farm |
| 22:44 | Crear | Villager (Male) |
| 22:45 | Crear | Villager (Male) |
| 22:47 | Crear | Villager (Male) |
| 22:50 | Construir | Town Center |
| 22:57 | Construir | Market |
| 23:11 | Crear | Villager (Male) |
| 23:12 | Crear | Villager (Male) |
| 23:12 | Crear | Villager (Male) |
| 23:25 | Investigar | Gold Mining |
| 23:39 | Crear | Villager (Male) |
| 23:39 | Crear | Villager (Male) |
| 23:40 | Crear | Villager (Male) |
| 23:49 | Construir | Town Center |
| 23:54 | Crear | Villager (Male) |
| 23:54 | Crear | Villager (Male) |
| 23:55 | Crear | Villager (Male) |
| 24:07 | Construir | Farm |
| 24:08 | Construir | Farm |
| 24:09 | Construir | Farm |
| 24:11 | Construir | Farm |
| 24:12 | Construir | Farm |
| 24:14 | Crear | Villager (Male) |
| 24:30 | Construir | Farm |
| 24:32 | Crear | Villager (Male) |
| 24:33 | Crear | Villager (Male) |
| 24:33 | Crear | Villager (Male) |
| 24:34 | Crear | Villager (Male) |
| 24:39 | Construir | Farm |
| 24:45 | Construir | Farm |
| 24:53 | Crear | Villager (Male) |
| 25:00 | Crear | Villager (Male) |
| 25:15 | Crear | Villager (Male) |
| 25:15 | Crear | Villager (Male) |
| 25:16 | Crear | Villager (Male) |
| 25:17 | Crear | Villager (Male) |
| 25:17 | Crear | Villager (Male) |
| 25:32 | Construir | Town Center |
| 25:39 | Investigar | Gold Shaft Mining |
| 25:46 | Crear | Villager (Male) |
| 25:46 | Crear | Villager (Male) |
| 25:47 | Crear | Villager (Male) |
Cronología de la partida
| 5:29 | joaopessoense · wall_segment Palisade Wall x2 |
| 6:14 | joaopessoense · wall_segment Palisade Wall x5 |
| 7:49 | TheFox · wall_segment Palisade Wall x15 |
| 8:30 | Teutons_CF · first_building Barracks |
| 9:24 | joaopessoense · wall_segment Palisade Wall x6 |
| 10:14 | I Never Resign · first_building Barracks |
| 10:32 | TheFox · wall_segment Palisade Wall x9 |
| 10:54 | joaopessoense · wall_segment Palisade Wall x20 |
| 10:58 | The Slayer · wall_segment Stone Wall x14 |
| 11:03 | KOLSONxCANADIAN · first_building Barracks |
| 12:09 | JoacoPro · first_building Barracks |
| 12:14 | KOLSONxCANADIAN · first_building Archery Range |
| 12:48 | The Slayer · wall_segment Stone Wall x14 |
| 12:49 | fatmuddybear · first_market_sell 100 stone |
| 12:55 | The Slayer · wall_segment Stone Wall x10 |
| 12:55 | TheFox · first_building Barracks |
| 13:17 | JoacoPro · first_building Archery Range |
| 15:10 | I Never Resign · first_building Stable |
| 15:15 | fatmuddybear · first_building Siege Workshop |
| 15:27 | TheFox · resign |
| 16:16 | Teutons_CF · wall_segment Stone Wall x11 |
| 16:17 | Teutons_CF · wall_segment Stone Wall x18 |
| 16:17 | joaopessoense · wall_segment Stone Wall x5 |
| 16:20 | fatmuddybear · first_building Barracks |
| 16:37 | KOLSONxCANADIAN · wall_segment Palisade Wall x1 |
| 16:54 | joaopessoense · wall_segment Stone Wall x6 |
| 17:52 | fatmuddybear · first_building Stable |
| 18:08 | KOLSONxCANADIAN · wall_segment Stone Wall x7 |
| 18:15 | KOLSONxCANADIAN · wall_segment Stone Wall x20 |
| 18:15 | Teutons_CF · wall_segment Stone Wall x12 |
| 18:21 | KOLSONxCANADIAN · wall_segment Stone Wall x21 |
| 18:31 | joaopessoense · wall_segment Stone Wall x30 |
| 18:43 | I Never Resign · wall_segment Stone Wall x50 |
| 19:08 | I Never Resign · wall_segment Stone Wall x3 |
| 20:25 | fatmuddybear · first_building Monastery |
| 20:59 | Teutons_CF · first_market_buy 100 food |
| 21:09 | I Never Resign · first_market_sell 500 wood |
| 21:16 | Teutons_CF · first_building Archery Range |
| 21:42 | joaopessoense · wall_segment Stone Wall x12 |
| 22:00 | KOLSONxCANADIAN · wall_segment Stone Wall x1 |
| 22:27 | joaopessoense · wall_segment Stone Wall x4 |
| 22:56 | I Never Resign · first_building Siege Workshop |
| 25:29 | Teutons_CF · wall_segment Stone Wall x1 |
| 26:04 | The Slayer · first_building Siege Workshop |
| 26:09 | joaopessoense · first_building Siege Workshop |
| 26:51 | The Slayer · first_building Castle |
| 27:02 | joaopessoense · wall_segment Stone Wall x12 |
| 27:14 | joaopessoense · first_market_sell 100 food |
| 27:16 | joaopessoense · first_market_buy 100 stone |
| 27:24 | joaopessoense · first_building Castle |
| 27:47 | Teutons_CF · wall_segment Stone Wall x19 |
| 27:51 | Teutons_CF · wall_segment Stone Wall x13 |
| 28:06 | KOLSONxCANADIAN · first_building Castle |
| 29:06 | joaopessoense · wall_segment Stone Wall x1 |
| 29:14 | Teutons_CF · first_building Stable |
| 29:17 | I Never Resign · tribute_sent a jugador 2 |
| 29:17 | I Never Resign · tribute_sent a jugador 3 |
| 29:17 | I Never Resign · tribute_sent a jugador 4 |
| 29:17 | I Never Resign · tribute_sent a jugador 5 |
| 29:17 | I Never Resign · tribute_sent a jugador 6 |
| 29:17 | I Never Resign · tribute_sent a jugador 7 |
| 29:17 | I Never Resign · tribute_sent a jugador 8 |
| 30:18 | joaopessoense · first_building Barracks |
| 31:01 | JoacoPro · first_building Castle |
| 31:59 | Teutons_CF · first_building Siege Workshop |
| 32:56 | Teutons_CF · first_building Castle |
| 33:13 | I Never Resign · tribute_sent a jugador 2 |
| 33:13 | I Never Resign · tribute_sent a jugador 3 |
| 33:13 | I Never Resign · tribute_sent a jugador 4 |
| 33:13 | I Never Resign · tribute_sent a jugador 5 |
| 33:13 | I Never Resign · tribute_sent a jugador 6 |
| 33:13 | I Never Resign · tribute_sent a jugador 7 |
| 33:13 | I Never Resign · tribute_sent a jugador 8 |
| 33:21 | KOLSONxCANADIAN · first_building Monastery |
| 34:18 | JoacoPro · first_building Monastery |
| 35:25 | joaopessoense · wall_segment Stone Wall x11 |
| 37:04 | KOLSONxCANADIAN · first_market_sell 100 wood |
| 38:05 | KOLSONxCANADIAN · wall_segment Stone Wall x14 |
| 38:23 | KOLSONxCANADIAN · wall_segment Stone Wall x17 |
| 38:30 | KOLSONxCANADIAN · first_market_buy 100 stone |
| 38:49 | joaopessoense · wall_segment Stone Wall x6 |
| 39:14 | JoacoPro · first_market_sell 100 wood |
| 39:26 | KOLSONxCANADIAN · wall_segment Stone Wall x3 |
| 42:58 | The Slayer · first_building Stable |
[ ANÁLISIS IA · 1 CRÉDITO ]
¿Qué pasó realmente en esta partida?
Wolo.gg analiza cada decisión: build order, eco, micro, errores típicos por bracket. Análisis personalizado por WhatsApp o Discord en 30 segundos.
Guía civ
Malayos
Perfil
Jugador #8722985